TOP OF THE 1ST |
Gainesville Guidos batting - Pitching for BlackIron Dragons : RHP Larry Johnston
|
Pitching: RHP Larry Johnston
|
|
Batting: LHB Robbie Turner
|
0-0: Ball 1-0: Called Strike 1-1: Called Strike 1-2: Ground out 4-3 (Groundball, 4)
|
Batting: RHB Doug Coleman
|
0-0: DOUBLE (Groundball, 5L)
|
Batting: RHB Kyle O'Day
|
0-0: Fly out, F8 (Line Drive, 89D) Runner from 2nd tags up, SAFE at 3rd, no throw
|
Batting: RHB Augusto Baca
|
0-0: Swinging Strike 0-1: SINGLE (Flyball, 78S) Doug Coleman scores
|
Batting: RHB Denver Baker
|
0-0: Called Strike 0-1: Ball 1-1: Ball 2-1: SINGLE (Groundball, 6MD) Augusto Baca to second Runner from 2nd tries for 3rd, SAFE, throw made to third
|
Batting: LHB Pedro Juárez
|
0-0: Ball 1-0: Ball 2-0: Ball 3-0: Base on Balls Denver Baker to second
|
Batting: RHB Juan Reyes
|
0-0: Called Strike 0-1: Ball 1-1: Swinging Strike 1-2: Ball 2-2: SINGLE (Line Drive, 7LS) Augusto Baca scores Denver Baker to third Pedro Juárez to second Runner from 3rd tries for Home, SAFE, no throw
|
Batting: LHB Eddy Jefferson
|
0-0: Called Strike 0-1: SINGLE (Line Drive, 4MD) Pedro Juárez to third Juan Reyes to second Runner from 3rd tries for Home, SAFE, throw made home Juan Reyes to third Eddy Jefferson to second
|
Batting: RHB Adrián López
|
0-0: Ball 1-0: Ball 2-0: Swinging Strike 2-1: Called Strike 2-2: Strikes out swinging
|
Top of the 1st over - 4 run(s), 5 hit(s), 0 error(s), 2 left on base; Gainesville 4 - BlackIron 0 |
BOTTOM OF THE 1ST |
BlackIron Dragons batting - Pitching for Gainesville Guidos : RHP Jesús Cantú
|
Pitching: RHP Jesús Cantú
|
|
Batting: SHB José Estreito
|
0-0: Ball 1-0: Foul Ball, location: 2F 1-1: Called Strike 1-2: Strikes out swinging
|
Batting: LHB Al Bartlett
|
0-0: Foul Ball, location: 2F 0-1: Foul Ball, location: 2F 0-2: Foul Ball, location: 2F 0-2: Foul Ball, location: 2F 0-2: SINGLE (Flyball, 78S)
|
Batting: LHB Pedro Rodríguez
|
0-0: Ball Al Bartlett is caught stealing 2nd base 1-0: Ball 2-0: Ball 3-0: Called Strike 3-1: Foul Ball, location: 2F 3-2: Base on Balls
|
Batting: RHB Brady McIntyre
|
0-0: Called Strike 0-1: Foul Ball, location: 2F 0-2: Ball 1-2: Foul Ball, location: 2F 1-2: Strikes out swinging
|
Bottom of the 1st over - 0 run(s), 1 hit(s), 0 error(s), 1 left on base; Gainesville 4 - BlackIron 0 |
TOP OF THE 2ND |
Gainesville Guidos batting - Pitching for BlackIron Dragons : RHP Larry Johnston
|
Batting: LHB Robbie Turner
|
0-0: Ball 1-0: Foul Ball, location: 2F 1-1: SINGLE (Groundball, 6D)
|
Batting: RHB Doug Coleman
|
0-0: Ball 1-0: Foul Ball, location: 2F 1-1: DOUBLE (Groundball, 5L) Robbie Turner to third
|
Batting: RHB Kyle O'Day
|
0-0: Fly out, F9 (Flyball, 9LS)
|
Batting: RHB Augusto Baca
|
0-0: Ball 1-0: Called Strike 1-1: Called Strike 1-2: Foul Ball, location: 2F 1-2: Ground out 1-3 (Groundball, 13S)
|
Batting: RHB Denver Baker
|
0-0: Foul Ball, location: 2F 0-1: Swinging Strike 0-2: Strikes out swinging
|
Top of the 2nd over - 0 run(s), 2 hit(s), 0 error(s), 2 left on base; Gainesville 4 - BlackIron 0 |
BOTTOM OF THE 2ND |
BlackIron Dragons batting - Pitching for Gainesville Guidos : RHP Jesús Cantú
|
Batting: RHB Vernon Sterling
|
0-0: Called Strike 0-1: Ball 1-1: Ball 2-1: Ball 3-1: DOUBLE (Line Drive, 89D)
|
Batting: LHB António Romo
|
0-0: Ball 1-0: Ball 2-0: Swinging Strike 2-1: DOUBLE (Line Drive, 9LS) Vernon Sterling scores
|
Batting: RHB Jason Erickson
|
0-0: Called Strike 0-1: Ball 1-1: Foul Ball, location: 2F 1-2: Ball 2-2: Fly out, F7 (Flyball, 7LMF)
|
Batting: SHB Júlio Macías
|
0-0: Ball 1-0: Ground out 4-3 (Groundball, 34D) António Romo to third
|
Batting: RHB Alexander Barr
|
0-0: Called Strike 0-1: 2-RUN HOME RUN (Flyball, 7D), Distance : 393 ft
|
Batting: SHB José Estreito
|
0-0: Ball 1-0: Ball 2-0: Called Strike 2-1: Ball 3-1: Base on Balls
|
Batting: LHB Al Bartlett
|
0-0: Ball 1-0: Ball 2-0: SINGLE (Flyball, 7LS) José Estreito to second Runner from 2nd tries for 3rd, SAFE, throw made to third Al Bartlett to second
|
Batting: LHB Pedro Rodríguez
|
0-0: Swinging Strike 0-1: Called Strike 0-2: Ground out 3-1 (Groundball, 34)
|
Bottom of the 2nd over - 3 run(s), 4 hit(s), 0 error(s), 2 left on base; Gainesville 4 - BlackIron 3 |
TOP OF THE 3RD |
Gainesville Guidos batting - Pitching for BlackIron Dragons : RHP Larry Johnston
|
Batting: LHB Pedro Juárez
|
0-0: Ball 1-0: Ball 2-0: Called Strike 2-1: Ball 3-1: Foul Ball, location: 2F 3-2: Foul Ball, location: 2F 3-2: Reached on error, E4 (Groundball, 4)
|
Batting: RHB Juan Reyes
|
0-0: Ball 1-0: Ball 2-0: Grounds into double play, 5-4-3 (Groundball, 56)
|
Batting: LHB Eddy Jefferson
|
0-0: Fly out, F7 (Flyball, 7S)
|
Top of the 3rd over - 0 run(s), 0 hit(s), 1 error(s), 0 left on base; Gainesville 4 - BlackIron 3 |
BOTTOM OF THE 3RD |
BlackIron Dragons batting - Pitching for Gainesville Guidos : RHP Jesús Cantú
|
Batting: RHB Brady McIntyre
|
0-0: DOUBLE (Flyball, 89XD)
|
Batting: RHB Vernon Sterling
|
0-0: Ball 1-0: Swinging Strike 1-1: 2-RUN HOME RUN (Flyball, 89D), Distance : 420 ft
|
Batting: LHB António Romo
|
0-0: Foul Ball, location: 2F 0-1: Ball 1-1: Swinging Strike 1-2: SINGLE (Flyball, 8RS)
|
Batting: RHB Jason Erickson
|
0-0: Fly out, F4 (Popup, 4S)
|
Batting: SHB Júlio Macías
|
0-0: Ball 1-0: Ball 2-0: Ball 3-0: Called Strike 3-1: Foul Ball, location: 2F 3-2: Foul Ball, location: 2F 3-2: Foul Ball, location: 2F 3-2: Base on Balls António Romo to second
|
Batting: RHB Alexander Barr
|
0-0: Ball 1-0: Ball 2-0: Swinging Strike 2-1: Foul Ball, location: 2F 2-2: Foul Ball, location: 2F 2-2: Fly out, F9 (Flyball, 89M)
|
Batting: SHB José Estreito
|
0-0: Foul Ball, location: 2F 0-1: Foul Ball, location: 2F 0-2: Foul Ball, location: 2F 0-2: Ball 1-2: Ball 2-2: Ball 3-2: Foul Ball, location: 2F 3-2: Hit by Pitch António Romo to third Júlio Macías to second
|
Batting: LHB Al Bartlett
|
0-0: Ball 1-0: SINGLE (Line Drive, 4) António Romo scores Júlio Macías to third José Estreito to second Runner from 3rd tries for Home, SAFE, no throw
|
Pitching: RHP Matt Johnston
|
|
Batting: LHB Pedro Rodríguez
|
0-0: Called Strike 0-1: Fly out, F7 (Flyball, 7D)
|
Bottom of the 3rd over - 4 run(s), 4 hit(s), 0 error(s), 2 left on base; Gainesville 4 - BlackIron 7 |
TOP OF THE 4TH |
Gainesville Guidos batting - Pitching for BlackIron Dragons : RHP Larry Johnston
|
Batting: RHB Adrián López
|
0-0: Called Strike 0-1: Ball 1-1: SINGLE (Line Drive, 78S)
|
Batting: LHB Robbie Turner
|
0-0: Called Strike 0-1: Ball 1-1: SINGLE (Line Drive, 4MD) Adrián López to second
|
Batting: RHB Doug Coleman
|
0-0: Foul Ball, location: 2F 0-1: Grounds into double play, 6-4-3 (Groundball, 6) Adrián López to third
|
Batting: RHB Kyle O'Day
|
0-0: Foul Ball, location: 2F 0-1: Foul Ball, location: 2F 0-2: SINGLE (Line Drive, 9S) Adrián López scores
|
Batting: RHB Augusto Baca
|
0-0: Ball Kyle O'Day steals 2nd base 1-0: Called Strike 1-1: Fly out, F9 (Flyball, 9LS)
|
Top of the 4th over - 1 run(s), 3 hit(s), 0 error(s), 1 left on base; Gainesville 5 - BlackIron 7 |
BOTTOM OF THE 4TH |
BlackIron Dragons batting - Pitching for Gainesville Guidos : RHP Matt Johnston
|
Batting: RHB Brady McIntyre
|
0-0: SINGLE (Flyball, 9LM)
|
Batting: RHB Vernon Sterling
|
0-0: Ball 1-0: Ball 2-0: Called Strike 2-1: Foul Ball, location: 2F 2-2: Foul Ball, location: 2F 2-2: Ball 3-2: SINGLE (Groundball, 5) (infield hit) Brady McIntyre to second
|
Batting: LHB António Romo
|
0-0: Ball 1-0: Foul Ball, location: 2F 1-1: Swinging Strike 1-2: Foul Ball, location: 2F 1-2: Fly out, F4 (Line Drive, 4M)
|
Batting: RHB Jason Erickson
|
0-0: Ball 1-0: Ball 2-0: Called Strike 2-1: Swinging Strike 2-2: Ball 3-2: Base on Balls Brady McIntyre to third Vernon Sterling to second
|
Batting: SHB Júlio Macías
|
0-0: Ball 1-0: Ball 2-0: Swinging Strike 2-1: Ball 3-1: Fly out, F3 (Popup, 3L)
|
Batting: RHB Alexander Barr
|
0-0: Foul Ball, location: 2F 0-1: Called Strike 0-2: TRIPLE (Flyball, 89D) Brady McIntyre scores Vernon Sterling scores Jason Erickson scores
|
Batting: SHB José Estreito
|
0-0: Foul Ball, location: 2F
|
|
|
|
0-1: Ball 1-1: Ball 2-1: Ball 3-1: Base on Balls
|
Batting: LHB Al Bartlett
|
0-0: Ball José Estreito steals 2nd base 1-0: Swinging Strike 1-1: SINGLE (Line Drive, 4MD) Alexander Barr scores José Estreito to third Runner from 3rd tries for Home, throw and OUT!
|
Bottom of the 4th over - 4 run(s), 4 hit(s), 0 error(s), 1 left on base; Gainesville 5 - BlackIron 11 |
TOP OF THE 5TH |
Gainesville Guidos batting - Pitching for BlackIron Dragons : RHP Larry Johnston
|
Batting: RHB Denver Baker
|
0-0: Foul Ball, location: 2F 0-1: Called Strike 0-2: SINGLE (Groundball, 6D)
|
Batting: LHB Pedro Juárez
|
0-0: Ball 1-0: Called Strike 1-1: Foul Ball, location: 2F 1-2: Ball 2-2: Strikes out swinging
|
Batting: RHB Juan Reyes
|
0-0: Ball 1-0: Ball 2-0: Ball 3-0: Base on Balls Denver Baker to second
|
Batting: LHB Eddy Jefferson
|
0-0: Ball Denver Baker steals 3rd base Juan Reyes to second 1-0: Foul Ball, location: 2F 1-1: Foul Ball, location: 2F 1-2: Ball 2-2: Ball 3-2: 3-RUN HOME RUN (Flyball, 89D), Distance : 409 ft
|
Pitching: RHP Eddie Huber
|
|
Batting: RHB Adrián López
|
0-0: SOLO HOME RUN (Flyball, 7D), Distance : 417 ft
|
Batting: LHB Robbie Turner
|
0-0: Ball 1-0: Ball 2-0: Foul Ball, location: 2F 2-1: Ball 3-1: Foul Ball, location: 2F 3-2: Base on Balls
|
Batting: RHB Doug Coleman
|
0-0: Fly out, F7 (Flyball, 7)
|
Batting: RHB Kyle O'Day
|
0-0: Called Strike 0-1: Ball 1-1: Called Strike 1-2: Strikes out looking
|
Top of the 5th over - 4 run(s), 3 hit(s), 0 error(s), 1 left on base; Gainesville 9 - BlackIron 11 |
BOTTOM OF THE 5TH |
BlackIron Dragons batting - Pitching for Gainesville Guidos : RHP Matt Johnston
|
Pitching: RHP Salvador De Jesús
|
|
Batting: LHB Pedro Rodríguez
|
0-0: Called Strike 0-1: Ball 1-1: Foul Ball, location: 2F 1-2: Ball 2-2: Foul Ball, location: 2F 2-2: Fly out, F6 (Popup, 6D)
|
Batting: RHB Brady McIntyre
|
0-0: Foul Ball, location: 2F 0-1: Ball 1-1: Ball 2-1: Ball 3-1: Base on Balls
|
Batting: RHB Vernon Sterling
|
0-0: Grounds into double play, 4-6-3 (Groundball, 4)
|
Bottom of the 5th over - 0 run(s), 0 hit(s), 0 error(s), 0 left on base; Gainesville 9 - BlackIron 11 |
TOP OF THE 6TH |
Gainesville Guidos batting - Pitching for BlackIron Dragons : RHP Eddie Huber
|
Batting: RHB Augusto Baca
|
0-0: Foul Ball, location: 2F 0-1: DOUBLE (Flyball, 9LM)
|
Batting: RHB Denver Baker
|
0-0: Called Strike 0-1: Ball Wild Pitch! Augusto Baca to third 1-1: Ball 2-1: 2-RUN HOME RUN (Flyball, 78XD), Distance : 426 ft
|
Pitching: RHP Ramiro Sierra
|
|
Batting: LHB Pedro Juárez
|
0-0: Called Strike 0-1: Ball 1-1: Swinging Strike 1-2: Ball 2-2: Fly out, F9 (Flyball, 89M)
|
Batting: RHB Juan Reyes
|
0-0: Ball 1-0: Foul Ball, location: 2F 1-1: SINGLE (Flyball, 9LS) - OUT at second base trying to stretch hit.
|
Batting: LHB Eddy Jefferson
|
0-0: Called Strike 0-1: Ball 1-1: Ball 2-1: Ball 3-1: Base on Balls
|
Batting: RHB Adrián López
|
0-0: Ball Eddy Jefferson steals 2nd base 1-0: Called Strike 1-1: Swinging Strike 1-2: Foul Ball, location: 2F 1-2: Ball 2-2: Strikes out swinging
|
Top of the 6th over - 2 run(s), 3 hit(s), 0 error(s), 1 left on base; Gainesville 11 - BlackIron 11 |
BOTTOM OF THE 6TH |
BlackIron Dragons batting - Pitching for Gainesville Guidos : RHP Salvador De Jesús
|
Batting: LHB António Romo
|
0-0: Called Strike 0-1: Fly out, F8 (Flyball, 8RM)
|
Batting: RHB Jason Erickson
|
0-0: Foul Ball, location: 2F 0-1: Ball 1-1: Called Strike 1-2: Ball 2-2: Ball 3-2: DOUBLE (Line Drive, 7LD)
|
Batting: SHB Júlio Macías
|
0-0: Called Strike 0-1: Swinging Strike 0-2: Foul Ball, location: 2F 0-2: Strikes out swinging
|
Batting: RHB Alexander Barr
|
0-0: Swinging Strike 0-1: Called Strike 0-2: Ball 1-2: Ball 2-2: Ball 3-2: DOUBLE (Flyball, 8RXD) Jason Erickson scores
|
Batting: SHB José Estreito
|
0-0: Fly out, F5 (Popup, 5S)
|
Bottom of the 6th over - 1 run(s), 2 hit(s), 0 error(s), 1 left on base; Gainesville 11 - BlackIron 12 |
TOP OF THE 7TH |
Gainesville Guidos batting - Pitching for BlackIron Dragons : RHP Ramiro Sierra
|
Pitching: RHP Julián Romero
|
|
Batting: LHB Robbie Turner
|
0-0: Ground out 3-1 (Groundball, 3S)
|
Batting: RHB Doug Coleman
|
0-0: Ball 1-0: Called Strike 1-1: Ball 2-1: Swinging Strike 2-2: Reached on error, E4 (Groundball, 4)
|
Pitching: RHP Jimmy Banks
|
|
Batting: RHB Kyle O'Day
|
0-0: Ball 1-0: Called Strike 1-1: Ball 2-1: Fly out, F8 (Flyball, 8RD)
|
Batting: RHB Augusto Baca
|
0-0: Swinging Strike 0-1: Called Strike 0-2: Strikes out swinging
|
Top of the 7th over - 0 run(s), 0 hit(s), 1 error(s), 1 left on base; Gainesville 11 - BlackIron 12 |
BOTTOM OF THE 7TH |
BlackIron Dragons batting - Pitching for Gainesville Guidos : RHP Salvador De Jesús
|
Batting: LHB Al Bartlett
|
0-0: Ball 1-0: Swinging Strike 1-1: Ball 2-1: Ball 3-1: Base on Balls
|
Batting: LHB Pedro Rodríguez
|
0-0: Called Strike 0-1: SINGLE (Line Drive, 9LS) Al Bartlett to second Throwing error, E9 Al Bartlett scores Pedro Rodríguez to second
|
Batting: RHB Brady McIntyre
|
0-0: Ball 1-0: Foul Ball, location: 2F 1-1: Swinging Strike 1-2: Ball 2-2: Strikes out swinging
|
Batting: RHB Vernon Sterling
|
0-0: Called Strike 0-1: Ball 1-1: Called Strike 1-2: Ball 2-2: Strikes out swinging
|
Batting: LHB António Romo
|
0-0: Called Strike 0-1: Ball 1-1: Called Strike 1-2: Foul Ball, location: 2F 1-2: Strikes out swinging
|
Bottom of the 7th over - 1 run(s), 1 hit(s), 1 error(s), 1 left on base; Gainesville 11 - BlackIron 13 |
TOP OF THE 8TH |
Gainesville Guidos batting - Pitching for BlackIron Dragons : RHP Jimmy Banks
|
Batting: RHB Denver Baker
|
0-0: Called Strike 0-1: Ball 1-1: Swinging Strike 1-2: Ball 2-2: Foul Ball, location: 2F 2-2: Strikes out looking
|
Batting: LHB Pedro Juárez
|
0-0: Foul Ball, location: 2F 0-1: Ball 1-1: Ball 2-1: Called Strike 2-2: Fly out, F8 (Flyball, 78M)
|
Batting: RHB Juan Reyes
|
0-0: Called Strike 0-1: Foul Ball, location: 2F 0-2: Fly out, F4 (Popup, 34)
|
Top of the 8th over - 0 run(s), 0 hit(s), 0 error(s), 0 left on base; Gainesville 11 - BlackIron 13 |
BOTTOM OF THE 8TH |
BlackIron Dragons batting - Pitching for Gainesville Guidos : RHP Salvador De Jesús
|
Pitching: RHP Víctor Vińa
|
|
Batting: RHB Jason Erickson
|
0-0: Called Strike 0-1: Ball 1-1: Ball 2-1: Foul Ball, location: 2F 2-2: SINGLE (Line Drive, 9LM)
|
Batting: SHB Júlio Macías
|
0-0: Called Strike 0-1: Foul Ball, location: 2F 0-2: Foul Ball, location: 2F 0-2: Ball 1-2: Ball 2-2: Strikes out swinging
|
Batting: RHB Alexander Barr
|
0-0: Fielders Choice at 2nd, 6-4 (Groundball, 6)
|
Batting: SHB José Estreito
|
0-0: Swinging Strike 0-1: Foul Ball, location: 2F 0-2: Ball 1-2: Ball 2-2: Ball 3-2: Foul Ball, location: 2F 3-2: Strikes out looking
|
Bottom of the 8th over - 0 run(s), 1 hit(s), 0 error(s), 1 left on base; Gainesville 11 - BlackIron 13 |
TOP OF THE 9TH |
Gainesville Guidos batting - Pitching for BlackIron Dragons : RHP Jimmy Banks
|
Batting: LHB Eddy Jefferson
|
0-0: Ball 1-0: Ball 2-0: Ball 3-0: Called Strike 3-1: SINGLE (Line Drive, 34)
|
Pinch Hitting: SHB Kent Phillips
|
0-0: Swinging Strike 0-1: Foul Ball, location: 2F 0-2: Strikes out swinging
|
Batting: LHB Robbie Turner
|
0-0: Ball 1-0: Called Strike 1-1: Called Strike 1-2: Ground out U3 (Groundball, 34) Eddy Jefferson to second
|
Batting: RHB Doug Coleman
|
0-0: Ball 1-0: Foul Ball, location: 2F 1-1: Ball 2-1: Ball 3-1: Foul Ball, location: 2F 3-2: Foul Ball, location: 2F 3-2: Base on Balls
|
Batting: RHB Kyle O'Day
|
0-0: Ball 1-0: Called Strike 1-1: Called Strike 1-2: Foul Ball, location: 2F 1-2: Strikes out swinging
|
Top of the 9th over - 0 run(s), 1 hit(s), 0 error(s), 2 left on base; Gainesville 11 - BlackIron 13 |
|
Tuesday, August 8th, 2017 - OOTP Baseball 17.12 Build 75
|
|